LOS ANGELES vs NEW YORK I

Created - Thursday, February 08, 2018 at 08:58

Goals
1 2 3 T
LOS ANGELES 1 0 0 1
NEW YORK I 1 1 2 4
Shots
1 2 3 T
LOS ANGELES 17 13 4 34
NEW YORK I 11 7 11 29

1st period

1. LOS ANGELES , Cody Eakin 2 (Michael Raffl 5, Simon Despres 9) at 11:26
2. NEW YORK I , Sean Monahan 19 (Radko Gudas 26, Josh Bailey 20) at 15:46

Penalties :
Sean Monahan (NYI) for Hooking (Minor) at 1:35, Brandon Saad (NYI) for High sticking (Minor) at 8:07, John Mitchell (LOS) for High sticking (Minor) at 18:10

2nd period

3. NEW YORK I , Brandon Saad 23 (Patrick Maroon 13, Radko Gudas 27) at 4:06 (PP)

Penalties :
Esa Lindell (NYI) for Goalie Interference (Minor) at 0:53, Nikolai Kulemin (LOS) for Hooking (Minor) at 3:23, Johnny Boychuk (NYI) for High sticking (Minor) at 5:47, Patrick Maroon (NYI) for Slashing (Minor) at 13:18, Mike Hoffman (LOS) for Slashing (Minor) at 17:37

3rd period

4. NEW YORK I , Ryan Callahan 2 (Patrick Maroon 14, Esa Lindell 15) at 12:28
5. NEW YORK I , Ryan Callahan 3 (Patrick Maroon 15, Radko Gudas 28) at 18:18

Penalties :
Dmitry Kulikov (LOS) for Cross-checking (Minor) at 0:04, Michael Raffl (LOS) for Hooking (Minor) at 2:26, Johnny Boychuk (NYI) for Holding (Minor) at 3:01, Nikolai Kulemin (LOS) for Slashing (Minor) at 5:45, Patrick Eaves (NYI) for Holding (Minor) at 15:01

Goalie Stats

Antti Raanta (LOS), 25 saves from 29 shots - (0.862), L, 17-14-4, 60:00 minutes
Scott Darling (NYI), 33 saves from 34 shots - (0.971), W, 8-4-1, 60:00 minutes

Players Stats for LOS ANGELES

Player Name              G  A  P  +/- PIM S  H  SB GA TA FO     MP     PP MP  PK MP  
------------------------------------------------------------------------------------
Andrew Desjardins        0  0  0   1  0   0  0  0  0  0  0/0     7:00   0:20   0:00 
Antoine Vermette         0  0  0  -1  0   1  0  0  0  0  17/30  20:16   6:12   2:53 
Cam Fowler               0  0  0  -2  0   2  2  1  0  0  0/0    25:43   6:44   4:58 
Cody Eakin               1  0  1   1  0   3  0  0  0  0  3/7     6:40   0:00   0:00 
Dalton Prout             0  0  0   0  0   0  1  0  0  0  0/0     1:55   0:20   0:00 
Derek Forbort            0  0  0  -2  0   2  3  0  0  0  0/0    24:28   7:04   4:58 
Dmitry Kulikov           0  0  0  -1  2   2  4  0  0  0  0/0    22:07   5:05   3:23 
Fedor Tyutin             0  0  0  -1  0   1  1  0  0  0  0/0    23:01   5:05   4:16 
Jeff Skinner             0  0  0  -1  0   5  0  0  0  0  0/0    19:23   5:57   0:00 
John Mitchell            0  0  0  -1  2   0  1  0  0  0  1/2     6:59   0:00   0:00 
Mark Stuart              0  0  0   1  0   0  0  0  0  0  0/0    11:36   1:00   0:00 
Matt Stajan              0  0  0  -1  0   0  0  0  0  0  3/8     7:00   0:00   0:00 
Matthew Tkachuk          0  0  0  -1  0   2  1  1  0  0  0/1    17:32   6:12   0:09 
Michael Raffl            0  1  1   1  2   1  1  0  0  0  0/0     6:39   0:00   0:00 
Mika Zibanejad           0  0  0  -1  0   5  2  1  0  0  14/28  22:56   5:57   3:33 
Mike Hoffman             0  0  0  -1  2   3  4  0  0  0  1/1    20:37   5:57   2:03 
Nikolai Kulemin          0  0  0  -1  4   2  0  0  0  0  0/1    15:23   0:20   4:30 
Simon Despres            0  1  1   1  0   1  0  1  0  0  0/0    11:29   0:00   0:53 
Vernon Fiddler           0  0  0  -1  0   4  0  0  0  0  6/11   18:32   6:12   5:20 

Players Stats for NEW YORK I

Player Name              G  A  P  +/- PIM S  H  SB GA TA FO     MP     PP MP  PK MP  
------------------------------------------------------------------------------------
Austin Watson            0  0  0   0  0   0  3  0  0  0  0/2     8:30   0:00   8:30 
Brandon Saad             1  0  1  -1  2   1  0  0  0  0  1/3    18:09   4:29   0:00 
Chris VandeVelde         0  0  0   0  0   0  0  0  0  0  0/0     3:00   0:00   0:00 
Dan Hamhuis              0  0  0   1  0   2  1  2  0  0  0/0    22:59   4:02   5:20 
Esa Lindell              0  1  1   1  2   1  1  3  0  0  0/0    22:02   4:02   4:24 
Jason Garrison           0  0  0   0  0   0  0  2  0  0  0/0    14:08   0:00   2:54 
Johnny Boychuk           0  0  0   1  4   2  2  4  0  0  0/0    23:28   5:11   5:18 
Josh Bailey              0  1  1   1  0   0  2  0  0  0  0/0     9:30   0:00   0:00 
Kyle Clifford            0  0  0   0  0   0  0  0  0  0  1/6     2:05   0:00   2:05 
Logan Couture            0  0  0  -1  0   2  1  0  0  0  6/12   18:58   4:45   0:00 
Marcus Foligno           0  0  0   0  0   2  0  0  0  0  0/0     6:59   0:00   3:59 
Nicklas Grossmann        0  0  0   0  0   0  2  2  0  0  0/0    11:40   0:00   0:00 
Patrick Eaves            0  0  0  -1  2   8  4  1  0  0  2/6    21:07   4:45   3:08 
Patrick Maroon           0  3  3   2  2   2  0  0  0  0  1/1    15:36   4:29   0:00 
Radko Gudas              0  3  3   1  0   0  1  1  0  0  0/0    25:40   5:12   7:02 
Ryan Callahan            2  0  2   2  0   4  2  0  0  0  3/3    11:08   0:00   0:00 
Ryan Strome              0  0  0   1  0   0  2  0  0  0  3/5    14:25   4:29   0:00 
Sam Bennett              0  0  0   2  0   2  1  1  0  0  4/8    11:15   0:00   0:07 
Sean Monahan             1  0  1   1  2   3  1  1  0  0  23/43  25:21   4:45   7:09 

3 Stars

1 - Ryan Callahan (NYI)
2 - Scott Darling (NYI)
3 - Radko Gudas (NYI)

Power Play

LOS ANGELES - 0 on 7 Attempt(s) - 0.00%
NEW YORK I - 1 on 6 Attempt(s) - 16.67%

Penalty Kill

LOS ANGELES - 5 on 6 Attempt(s) - 83.33% - Score 0 goal in Penalty Kill
NEW YORK I - 7 on 7 Attempt(s) - 100.00% - Score 0 goal in Penalty Kill

Team Stat

LOS ANGELES - Hits : 20 - Faceoff Wins : 45 - Blocked Shots : 4 - Penalty Minutes : 12
NEW YORK I - Hits : 23 - Faceoff Wins : 44 - Blocked Shots : 17 - Penalty Minutes : 14

Official

Referees : Unknown
Linesman : Unknown

Game Notes

No Game Note

Finance

Level 1 -- Attendance: 4267 (71.12%) -- Ticket Income $426,700
Level 2 -- Attendance: 3699 (73.98%) -- Ticket Income $221,940
Level 3 -- Attendance: 1943 (97.15%) -- Ticket Income $68,005
Level 4 -- Attendance: 3892 (97.30%) -- Ticket Income $77,840
Luxury Box -- Attendance: 752 (75.20%) -- Ticket Income $150,400
Game was played at the Nassau Coliseum.
Total Attendance: 14553 (80.85%)
Total Ticket Income: $944,885
Total Income: $944,885

LOS ANGELES

5 vs 5 Forward 
   Center                   Left Wing                Right Wing               Time % Phy DF OF 
 1 Mika Zibanejad           Jeff Skinner             Mike Hoffman             35     0   1  4  
 2 Antoine Vermette         Matthew Tkachuk          Nikolai Kulemin          35     1   2  2  
 3 Matt Stajan              John Mitchell            Vernon Fiddler           25     1   3  1  
 4 Cody Eakin               Michael Raffl            Andrew Desjardins        5      1   4  0  

5 vs 5 Defense 
   Defense                  Defense                                           Time % Phy DF OF 
 1 Cam Fowler               Derek Forbort                                     35     1   2  2  
 2 Fedor Tyutin             Dmitry Kulikov                                    35     1   3  1  
 3 Mark Stuart              Simon Despres                                     25     1   3  1  
 4 Dalton Prout             Cam Fowler                                        5      1   4  0  

PowerPlay Forward 
   Center                   Left Wing                Right Wing               Time % Phy DF OF 
 1 Mika Zibanejad           Jeff Skinner             Mike Hoffman             60     0   0  5  
 2 Antoine Vermette         Matthew Tkachuk          Vernon Fiddler           40     0   0  5  

PowerPlay Defense
   Defense                  Defense                                           Time % Phy DF OF 
 1 Cam Fowler               Derek Forbort                                     60     1   1  3  
 2 Fedor Tyutin             Dmitry Kulikov                                    40     1   1  3  

Penalty Kill 4 Players Forward 
   Center                   Wing                     Time % Phy DF OF 
 1 Vernon Fiddler           Nikolai Kulemin          60     1   4  0  
 2 Antoine Vermette         Vernon Fiddler           40     1   4  0  

Penalty Kill 4 Players Defense
   Defense                  Defense                  Time % Phy DF OF 
 1 Cam Fowler               Derek Forbort            60     1   4  0  
 2 Fedor Tyutin             Dmitry Kulikov           40     1   4  0  

Penalty Kill - 3 Players Forward 
   Forward                                           Time % Phy DF OF 
 1 Antoine Vermette                                  60     1   4  0  
 2 Matt Stajan                                       40     1   4  0  

Penalty Kill - 3 Players Defense
   Defense                  Defense                  Time % Phy DF OF 
 1 Cam Fowler               Derek Forbort            60     1   4  0  
 2 Fedor Tyutin             Dmitry Kulikov           40     1   4  0  

4 vs 4 Forward 
   Center                   Wing                     Time % Phy DF OF 
 1 Mika Zibanejad           Jeff Skinner             60     1   2  2  
 2 Antoine Vermette         Matthew Tkachuk          40     1   2  2  

4 vs 4 Defense
   Defense                  Defense                  Time % Phy DF OF 
 1 Cam Fowler               Derek Forbort            60     1   2  2  
 2 Fedor Tyutin             Dmitry Kulikov           40     1   2  2  

Last Minutes Offensive
   Center                   Left Wing                Right Wing               Defense                  Defense                  
   Mika Zibanejad           Jeff Skinner             Mike Hoffman             Cam Fowler               Derek Forbort            

Last Minutes Defensive
   Center                   Left Wing                Right Wing               Defense                  Defense                  
   Antoine Vermette         Matthew Tkachuk          Nikolai Kulemin          Cam Fowler               Derek Forbort            

Goaltenders
Starting : Antti Raanta             
Backup : Cam Ward                 

Extra Forwards
Normal : Matthew Tkachuk, Jeff Skinner, Mika Zibanejad - PP : Matthew Tkachuk, Jeff Skinner - PK : Mika Zibanejad
Extra Defensemen
Normal : Mark Stuart, Simon Despres, Dalton Prout - PP : Mark Stuart - PK : Simon Despres, Dalton Prout
Penalty Shots
Jeff Skinner, Matthew Tkachuk, Mike Hoffman, Mika Zibanejad, Nikolai Kulemin

Scratches
Nate Thompson (Healthy), LA CAP HIT (Suspend), Eddie Lack (Healthy)

NEW YORK I

5 vs 5 Forward 
   Center                   Left Wing                Right Wing               Time % Phy DF OF 
 1 Logan Couture            Brandon Saad             Patrick Eaves            35     1   2  2  
 2 Sean Monahan             Josh Bailey              Ryan Strome              30     1   2  2  
 3 Sam Bennett              Patrick Maroon           Ryan Callahan            25     1   2  2  
 4 Sean Monahan             Marcus Foligno           Chris VandeVelde         10     1   2  2  

5 vs 5 Defense 
   Defense                  Defense                                           Time % Phy DF OF 
 1 Radko Gudas              Johnny Boychuk                                    35     1   2  2  
 2 Esa Lindell              Dan Hamhuis                                       30     1   2  2  
 3 Nicklas Grossmann        Jason Garrison                                    25     1   2  2  
 4 Radko Gudas              Johnny Boychuk                                    10     1   2  2  

PowerPlay Forward 
   Center                   Left Wing                Right Wing               Time % Phy DF OF 
 1 Sean Monahan             Logan Couture            Patrick Eaves            60     1   2  2  
 2 Ryan Strome              Brandon Saad             Patrick Maroon           40     1   2  2  

PowerPlay Defense
   Defense                  Defense                                           Time % Phy DF OF 
 1 Radko Gudas              Johnny Boychuk                                    60     1   2  2  
 2 Esa Lindell              Dan Hamhuis                                       40     1   2  2  

Penalty Kill 4 Players Forward 
   Center                   Wing                     Time % Phy DF OF 
 1 Sean Monahan             Austin Watson            60     1   2  2  
 2 Patrick Eaves            Marcus Foligno           40     1   2  2  

Penalty Kill 4 Players Defense
   Defense                  Defense                  Time % Phy DF OF 
 1 Radko Gudas              Johnny Boychuk           60     1   2  2  
 2 Esa Lindell              Dan Hamhuis              40     1   2  2  

Penalty Kill - 3 Players Forward 
   Forward                                           Time % Phy DF OF 
 1 Sean Monahan                                      60     1   2  2  
 2 Logan Couture                                     40     1   2  2  

Penalty Kill - 3 Players Defense
   Defense                  Defense                  Time % Phy DF OF 
 1 Radko Gudas              Johnny Boychuk           60     1   2  2  
 2 Esa Lindell              Dan Hamhuis              40     1   2  2  

4 vs 4 Forward 
   Center                   Wing                     Time % Phy DF OF 
 1 Sean Monahan             Logan Couture            60     1   2  2  
 2 Ryan Strome              Brandon Saad             40     1   2  2  

4 vs 4 Defense
   Defense                  Defense                  Time % Phy DF OF 
 1 Radko Gudas              Johnny Boychuk           60     1   2  2  
 2 Esa Lindell              Dan Hamhuis              40     1   2  2  

Last Minutes Offensive
   Center                   Left Wing                Right Wing               Defense                  Defense                  
   Sean Monahan             Logan Couture            Patrick Eaves            Radko Gudas              Johnny Boychuk           

Last Minutes Defensive
   Center                   Left Wing                Right Wing               Defense                  Defense                  
   Sean Monahan             Logan Couture            Patrick Eaves            Radko Gudas              Johnny Boychuk           

Goaltenders
Starting : Scott Darling            
Backup : Jacob Markstrom          

Extra Forwards
Normal : Austin Watson, Chris VandeVelde, Kyle Clifford - PP : Austin Watson, Chris VandeVelde - PK : Kyle Clifford
Extra Defensemen
Normal : Nicklas Grossmann, Jason Garrison, Esa Lindell - PP : Nicklas Grossmann - PK : Jason Garrison, Esa Lindell
Penalty Shots
Sean Monahan, Logan Couture, Patrick Eaves, Brandon Saad, Josh Bailey

Scratches
NYI CAP HIT (Suspend), Brad Hunt (Healthy), Adam Clendening (Healthy)

% Time on Ice - LOS ANGELES

Lines # - Real PCT - Wanted PCT - Time Play
Normal Forward
1 - 34% - 35% - 12:38
2 - 29% - 35% - 10:35
3 - 19% - 25% - 7:00
4 - 18% - 5% - 6:40
Normal Defense
1 - 32% - 35% - 11:50
2 - 35% - 35% - 12:52
3 - 29% - 25% - 10:36
4 - 4% - 5% - 1:35
PP Forward
1 - 48% - 60% - 5:57
2 - 52% - 40% - 6:32
PP Defense
1 - 59% - 60% - 7:24
2 - 41% - 40% - 5:05
PK Forward
1 - 89% - 60% - 8:11
2 - 11% - 40% - 1:03
PK Defense
1 - 54% - 60% - 4:58
2 - 46% - 40% - 4:16
PK3 Forward
1 - 0% - 60%
2 - 0% - 40%
PK3 Defense
1 - 0% - 60%
2 - 0% - 40%
44 Forward
1 - 57% - 60% - 0:48
2 - 43% - 40% - 0:36
44 Defense
1 - 43% - 60% - 0:36
2 - 57% - 40% - 0:48
Last Minute Offensive  - 0:00
Last Minute Defensive  - 0:00
Total
Forward - 60:00
Defense - 60:00

% Time on Ice - NEW YORK I

Lines # - Real PCT - Wanted PCT - Time Play
Normal Forward
1 - 36% - 35% - 13:15
2 - 26% - 30% - 9:30
3 - 30% - 25% - 11:08
4 - 8% - 10% - 3:00
Normal Defense
1 - 34% - 35% - 12:42
2 - 34% - 30% - 12:39
3 - 30% - 25% - 11:14
4 - 1% - 10% - 0:18
PP Forward
1 - 51% - 60% - 4:45
2 - 49% - 40% - 4:29
PP Defense
1 - 56% - 60% - 5:12
2 - 44% - 40% - 4:02
PK Forward
1 - 68% - 60% - 8:30
2 - 32% - 40% - 3:59
PK Defense
1 - 57% - 60% - 7:09
2 - 43% - 40% - 5:20
PK3 Forward
1 - 0% - 60%
2 - 0% - 40%
PK3 Defense
1 - 0% - 60%
2 - 0% - 40%
44 Forward
1 - 69% - 60% - 0:58
2 - 31% - 40% - 0:26
44 Defense
1 - 31% - 60% - 0:26
2 - 69% - 40% - 0:58
Last Minute Offensive  - 0:00
Last Minute Defensive  - 0:00
Total
Forward - 60:00
Defense - 60:00

Play by Play

1st period


0:01 of 1st period - Mika Zibanejad wins face-off versus Brandon Saad in neutral zone.
0:08 of 1st period - Shot by Jeff Skinner.
0:08 of 1st period - Shot Blocked by Radko Gudas.
0:10 of 1st period - Shot by Derek Forbort.
0:10 of 1st period - Shot Misses the Net.
0:12 of 1st period - Shot by Jeff Skinner.
0:12 of 1st period - Shot Blocked by Johnny Boychuk.
0:18 of 1st period - Shot by Jeff Skinner.
0:18 of 1st period - Shot Misses the Net.
0:20 of 1st period - Shot by Mike Hoffman.
0:20 of 1st period - Stopped by Scott Darling with a rebound.
0:22 of 1st period - Shot by Mika Zibanejad.
0:22 of 1st period - Stopped by Scott Darling with a rebound.
0:24 of 1st period - Shot by Derek Forbort.
0:24 of 1st period - Shot Blocked by Johnny Boychuk.
1:13 of 1st period - Off-side.
1:14 of 1st period - Sean Monahan wins face-off versus John Mitchell in neutral zone.
1:27 of 1st period - Mark Stuart is hit by Josh Bailey and loses puck.
1:35 of 1st period - Minor Penalty to Sean Monahan for Hooking.
1:36 of 1st period - Kyle Clifford wins face-off versus Antoine Vermette in NEW YORK I zone.
1:42 of 1st period - Icing by Dmitry Kulikov.
1:43 of 1st period - Antoine Vermette wins face-off versus Kyle Clifford in LOS ANGELES zone.
1:45 of 1st period - Icing by Matthew Tkachuk.
1:46 of 1st period - Antoine Vermette wins face-off versus Austin Watson in LOS ANGELES zone.
1:56 of 1st period - Shot by Matthew Tkachuk.
1:56 of 1st period - Shot Misses the Net.
1:58 of 1st period - Shot by Vernon Fiddler.
1:58 of 1st period - Stopped by Scott Darling without a rebound.
1:59 of 1st period - Mika Zibanejad wins face-off versus Kyle Clifford in NEW YORK I zone.
2:00 of 1st period - Shot by Cam Fowler.
2:00 of 1st period - Shot Misses the Net.
2:02 of 1st period - Shot by Jeff Skinner.
2:02 of 1st period - Deflect By Mika Zibanejad.
2:02 of 1st period - Shot Blocked by Johnny Boychuk.
2:27 of 1st period - Shot by Derek Forbort.
2:27 of 1st period - Stopped by Scott Darling with a rebound.
2:29 of 1st period - Shot by Derek Forbort.
2:29 of 1st period - Stopped by Scott Darling without a rebound.
2:30 of 1st period - Antoine Vermette wins face-off versus Kyle Clifford in NEW YORK I zone.
2:51 of 1st period - Shot by Antoine Vermette.
2:51 of 1st period - Shot Misses the Net.
2:53 of 1st period - Shot by Antoine Vermette.
2:53 of 1st period - Shot Misses the Net.
2:55 of 1st period - Shot by Antoine Vermette.
2:55 of 1st period - Shot Blocked by Esa Lindell.
2:57 of 1st period - Shot by Matthew Tkachuk.
2:57 of 1st period - Stopped by Scott Darling without a rebound.
2:58 of 1st period - Mika Zibanejad wins face-off versus Kyle Clifford in NEW YORK I zone.
3:13 of 1st period - Shot by Cam Fowler.
3:13 of 1st period - Stopped by Scott Darling with a rebound.
4:30 of 1st period - Shot by Matt Stajan.
4:30 of 1st period - Shot Misses the Net.
4:32 of 1st period - Shot by Vernon Fiddler.
4:32 of 1st period - Stopped by Scott Darling with a rebound.
4:44 of 1st period - Shot by Vernon Fiddler.
4:44 of 1st period - Stopped by Scott Darling with a rebound.
5:10 of 1st period - Shot by Sean Monahan.
5:10 of 1st period - Shot Misses the Net.
5:17 of 1st period - Off-side.
5:18 of 1st period - Logan Couture wins face-off versus Mika Zibanejad in neutral zone.
5:21 of 1st period - Derek Forbort is hit by Patrick Eaves.
5:37 of 1st period - Shot by Logan Couture.
5:37 of 1st period - Shot Misses the Net.
5:42 of 1st period - Brandon Saad is hit by Derek Forbort and loses puck.
5:59 of 1st period - Shot by Patrick Eaves.
5:59 of 1st period - Stopped by Antti Raanta without a rebound.
6:00 of 1st period - Antoine Vermette wins face-off versus Sean Monahan in LOS ANGELES zone.
7:32 of 1st period - Shot by Cody Eakin.
7:32 of 1st period - Stopped by Scott Darling without a rebound.
7:33 of 1st period - Mike Hoffman wins face-off versus Sam Bennett in NEW YORK I zone.
7:49 of 1st period - Shot by Mika Zibanejad.
7:49 of 1st period - Shot Blocked by Nicklas Grossmann.
7:55 of 1st period - Shot by Mike Hoffman.
7:55 of 1st period - Deflect By Mika Zibanejad.
7:55 of 1st period - Stopped by Scott Darling without a rebound.
7:56 of 1st period - Brandon Saad wins face-off versus Matt Stajan in NEW YORK I zone.
8:06 of 1st period - Vernon Fiddler is hit by Patrick Eaves and loses puck.
8:07 of 1st period - Minor Penalty to Brandon Saad for High sticking.
8:08 of 1st period - Sean Monahan wins face-off versus Mika Zibanejad in NEW YORK I zone.
8:14 of 1st period - Icing by Dmitry Kulikov.
8:15 of 1st period - Sean Monahan wins face-off versus Mika Zibanejad in LOS ANGELES zone.
8:15 of 1st period - Sean Monahan is hit by Dmitry Kulikov.
9:22 of 1st period - Icing by Vernon Fiddler.
9:23 of 1st period - Sean Monahan wins face-off versus Antoine Vermette in LOS ANGELES zone.
9:32 of 1st period - Shot by Antoine Vermette.
9:32 of 1st period - Stopped by Scott Darling without a rebound.
9:33 of 1st period - Sean Monahan wins face-off versus Antoine Vermette in NEW YORK I zone.
10:05 of 1st period - Shot by Cam Fowler.
10:05 of 1st period - Shot Misses the Net.
10:07 of 1st period - Shot by Cam Fowler.
10:07 of 1st period - Shot Blocked by Jason Garrison.
10:18 of 1st period - Shot by Jason Garrison.
10:18 of 1st period - Shot Misses the Net.
10:28 of 1st period - Shot by Ryan Callahan.
10:28 of 1st period - Shot Misses the Net.
11:24 of 1st period - Shot by Michael Raffl.
11:24 of 1st period - Stopped by Scott Darling with a rebound.
11:26 of 1st period - Shot by Cody Eakin.
11:26 of 1st period - Goal by Cody Eakin - LOS ANGELES : 1 - NEW YORK I : 0.
11:27 of 1st period - Antoine Vermette wins face-off versus Sean Monahan in neutral zone.
11:27 of 1st period - Antoine Vermette is hit by Sean Monahan.
11:39 of 1st period - Shot by Antoine Vermette.
11:39 of 1st period - Shot Blocked by Esa Lindell.
11:51 of 1st period - Shot by Antoine Vermette.
11:51 of 1st period - Shot Blocked by Esa Lindell.
12:27 of 1st period - Shot by Logan Couture.
12:27 of 1st period - Stopped by Antti Raanta with a rebound.
12:29 of 1st period - Shot by Brandon Saad.
12:29 of 1st period - Shot Hit the Post.
12:31 of 1st period - Shot by Patrick Eaves.
12:31 of 1st period - Shot Misses the Net.
12:33 of 1st period - Shot by Patrick Eaves.
12:33 of 1st period - Stopped by Antti Raanta without a rebound.
12:34 of 1st period - Matt Stajan wins face-off versus Sam Bennett in LOS ANGELES zone.
12:43 of 1st period - Shot by Ryan Callahan.
12:43 of 1st period - Shot Misses the Net.
12:55 of 1st period - Shot by Ryan Callahan.
12:55 of 1st period - Stopped by Antti Raanta without a rebound.
12:56 of 1st period - Mika Zibanejad wins face-off versus Logan Couture in LOS ANGELES zone.
12:56 of 1st period - Mika Zibanejad is hit by Patrick Eaves.
13:07 of 1st period - Mike Hoffman is hit by Johnny Boychuk and loses puck.
13:23 of 1st period - Shot by Jeff Skinner.
13:23 of 1st period - Shot Misses the Net.
13:25 of 1st period - Shot by Jeff Skinner.
13:25 of 1st period - Shot Misses the Net.
13:33 of 1st period - Shot by Jeff Skinner.
13:33 of 1st period - Shot Misses the Net.
13:35 of 1st period - Shot by Simon Despres.
13:35 of 1st period - Shot Misses the Net.
13:57 of 1st period - Shot by Vernon Fiddler.
13:57 of 1st period - Stopped by Scott Darling without a rebound.
13:58 of 1st period - Sean Monahan wins face-off versus Antoine Vermette in NEW YORK I zone.
14:16 of 1st period - Shot by Marcus Foligno.
14:16 of 1st period - Stopped by Antti Raanta without a rebound.
14:17 of 1st period - Sam Bennett wins face-off versus Matt Stajan in LOS ANGELES zone.
14:17 of 1st period - Patrick Maroon is hit by Dmitry Kulikov and loses puck.
14:49 of 1st period - Patrick Maroon is hit by Dmitry Kulikov and loses puck.
15:40 of 1st period - Shot by Radko Gudas.
15:40 of 1st period - Shot Blocked by Matthew Tkachuk.
15:46 of 1st period - Shot by Sean Monahan.
15:46 of 1st period - Goal by Sean Monahan - LOS ANGELES : 1 - NEW YORK I : 1.
15:47 of 1st period - Mika Zibanejad wins face-off versus Logan Couture in neutral zone.
15:58 of 1st period - Shot by Mike Hoffman.
15:58 of 1st period - Shot Blocked by Patrick Eaves.
16:00 of 1st period - Shot by Mika Zibanejad.
16:00 of 1st period - Shot Misses the Net.
16:04 of 1st period - Shot by Jeff Skinner.
16:04 of 1st period - Deflect By Mike Hoffman.
16:04 of 1st period - Stopped by Scott Darling without a rebound.
16:05 of 1st period - Cody Eakin wins face-off versus Sean Monahan in NEW YORK I zone.
16:09 of 1st period - Icing by Esa Lindell.
16:10 of 1st period - Mika Zibanejad wins face-off versus Sean Monahan in NEW YORK I zone.
16:15 of 1st period - Shot by Jeff Skinner.
16:15 of 1st period - Stopped by Scott Darling with a rebound.
16:17 of 1st period - Shot by Mike Hoffman.
16:17 of 1st period - Shot Misses the Net.
16:39 of 1st period - Shot by Sean Monahan.
16:39 of 1st period - Shot Blocked by Mika Zibanejad.
16:46 of 1st period - Mika Zibanejad is hit by Esa Lindell and loses puck.
16:55 of 1st period - Shot by Mika Zibanejad.
16:55 of 1st period - Shot Misses the Net.
17:22 of 1st period - Shot by Logan Couture.
17:22 of 1st period - Shot Misses the Net.
17:24 of 1st period - Shot by Patrick Eaves.
17:24 of 1st period - Stopped by Antti Raanta without a rebound.
17:25 of 1st period - Ryan Callahan wins face-off versus Matt Stajan in LOS ANGELES zone.
17:30 of 1st period - Shot by Sam Bennett.
17:30 of 1st period - Stopped by Antti Raanta without a rebound.
17:31 of 1st period - Matt Stajan wins face-off versus Logan Couture in LOS ANGELES zone.
17:33 of 1st period - Icing by Simon Despres.
17:34 of 1st period - John Mitchell wins face-off versus Logan Couture in LOS ANGELES zone.
18:10 of 1st period - Minor Penalty to John Mitchell for High sticking.
18:11 of 1st period - Ryan Strome wins face-off versus Vernon Fiddler in LOS ANGELES zone.
18:28 of 1st period - Shot by Dan Hamhuis.
18:28 of 1st period - Stopped by Antti Raanta with a rebound.
19:17 of 1st period - Shot by Logan Couture.
19:17 of 1st period - Stopped by Antti Raanta with a rebound.
19:24 of 1st period - Sean Monahan is hit by Derek Forbort and loses puck.
19:49 of 1st period - Shot by Patrick Eaves.
19:49 of 1st period - Stopped by Antti Raanta without a rebound.
19:50 of 1st period - Sean Monahan wins face-off versus Vernon Fiddler in LOS ANGELES zone.
Goals for this period are 1 for LOS ANGELES vs 1 for NEW YORK I.
Shots for this period are 17 for LOS ANGELES vs 11 for NEW YORK I.

2nd period


0:01 of 2nd period - Vernon Fiddler wins face-off versus Sean Monahan in neutral zone.
0:10 of 2nd period - Fedor Tyutin is hit by Ryan Callahan and loses puck.
0:17 of 2nd period - Mika Zibanejad is hit by Ryan Callahan and loses puck.
0:26 of 2nd period - Icing by Ryan Callahan.
0:27 of 2nd period - Sam Bennett wins face-off versus Antoine Vermette in NEW YORK I zone.
0:27 of 2nd period - Sam Bennett is hit by Matthew Tkachuk.
0:32 of 2nd period - Esa Lindell is hit by Cam Fowler and loses puck.
0:42 of 2nd period - Antoine Vermette is hit by Dan Hamhuis and loses puck.
0:53 of 2nd period - Shot by Matthew Tkachuk.
0:53 of 2nd period - Stopped by Scott Darling without a rebound.
0:53 of 2nd period - Minor Penalty to Esa Lindell for Goalie Interference.
0:54 of 2nd period - Sean Monahan wins face-off versus Mika Zibanejad in NEW YORK I zone.
0:54 of 2nd period - Sean Monahan is hit by Mike Hoffman.
1:12 of 2nd period - Icing by Mike Hoffman.
1:13 of 2nd period - Mika Zibanejad wins face-off versus Sean Monahan in LOS ANGELES zone.
1:13 of 2nd period - Mika Zibanejad is hit by Austin Watson.
1:23 of 2nd period - Shot by Mika Zibanejad.
1:23 of 2nd period - Stopped by Scott Darling without a rebound.
1:24 of 2nd period - Antoine Vermette wins face-off versus Sean Monahan in NEW YORK I zone.
1:33 of 2nd period - Shot by Antoine Vermette.
1:33 of 2nd period - Shot Misses the Net.
2:21 of 2nd period - Sean Monahan is hit by Mike Hoffman and loses puck.
2:30 of 2nd period - Shot by Dmitry Kulikov.
2:30 of 2nd period - Shot Misses the Net.
2:32 of 2nd period - Shot by Dmitry Kulikov.
2:32 of 2nd period - Shot Blocked by Jason Garrison.
2:34 of 2nd period - Shot by Dmitry Kulikov.
2:34 of 2nd period - Stopped by Scott Darling with a rebound.
2:36 of 2nd period - Shot by Fedor Tyutin.
2:36 of 2nd period - Shot Misses the Net.
2:38 of 2nd period - Shot by Dmitry Kulikov.
2:38 of 2nd period - Stopped by Scott Darling without a rebound.
2:39 of 2nd period - Patrick Eaves wins face-off versus Mika Zibanejad in NEW YORK I zone.
2:50 of 2nd period - Shot by Jeff Skinner.
2:50 of 2nd period - Stopped by Scott Darling without a rebound.
2:51 of 2nd period - Mika Zibanejad wins face-off versus Patrick Eaves in NEW YORK I zone.
3:02 of 2nd period - Mark Stuart is hit by Sam Bennett and loses puck.
3:07 of 2nd period - Shot by Ryan Callahan.
3:07 of 2nd period - Stopped by Antti Raanta without a rebound.
3:08 of 2nd period - Antoine Vermette wins face-off versus Logan Couture in LOS ANGELES zone.
3:23 of 2nd period - Minor Penalty to Nikolai Kulemin for Hooking.
3:24 of 2nd period - Vernon Fiddler wins face-off versus Ryan Strome in LOS ANGELES zone.
3:43 of 2nd period - Shot by Radko Gudas.
3:43 of 2nd period - Shot Misses the Net.
4:06 of 2nd period - Shot by Brandon Saad.
4:06 of 2nd period - Goal by Brandon Saad - LOS ANGELES : 1 - NEW YORK I : 2.
4:07 of 2nd period - Sean Monahan wins face-off versus Nikolai Kulemin in neutral zone.
4:42 of 2nd period - Shot by Marcus Foligno.
4:42 of 2nd period - Shot Misses the Net.
4:44 of 2nd period - Shot by Sean Monahan.
4:44 of 2nd period - Deflect By Marcus Foligno.
4:44 of 2nd period - Stopped by Antti Raanta without a rebound.
4:45 of 2nd period - Sam Bennett wins face-off versus Mika Zibanejad in LOS ANGELES zone.
4:45 of 2nd period - Sam Bennett is hit by Derek Forbort.
5:47 of 2nd period - Minor Penalty to Johnny Boychuk for High sticking.
5:48 of 2nd period - Antoine Vermette wins face-off versus Sean Monahan in NEW YORK I zone.
6:13 of 2nd period - Shot by Fedor Tyutin.
6:13 of 2nd period - Stopped by Scott Darling without a rebound.
6:14 of 2nd period - Sean Monahan wins face-off versus Mika Zibanejad in NEW YORK I zone.
6:14 of 2nd period - Austin Watson is hit by Mika Zibanejad and loses puck.
6:21 of 2nd period - Shot by Jeff Skinner.
6:21 of 2nd period - Shot Blocked by Sean Monahan.
6:23 of 2nd period - Shot by Jeff Skinner.
6:23 of 2nd period - Stopped by Scott Darling without a rebound.
6:24 of 2nd period - Sean Monahan wins face-off versus Antoine Vermette in NEW YORK I zone.
6:40 of 2nd period - Off-side.
6:41 of 2nd period - Mika Zibanejad wins face-off versus Sean Monahan in neutral zone.
6:55 of 2nd period - Jeff Skinner is hit by Radko Gudas.
7:10 of 2nd period - Icing by Cam Fowler.
7:11 of 2nd period - Mika Zibanejad wins face-off versus Patrick Eaves in LOS ANGELES zone.
7:37 of 2nd period - Derek Forbort is hit by Austin Watson and loses puck.
7:45 of 2nd period - Icing by Derek Forbort.
7:46 of 2nd period - Sean Monahan wins face-off versus Mika Zibanejad in LOS ANGELES zone.
7:50 of 2nd period - Icing by Fedor Tyutin.
7:51 of 2nd period - Logan Couture wins face-off versus Matthew Tkachuk in LOS ANGELES zone.
7:56 of 2nd period - Shot by Patrick Eaves.
7:56 of 2nd period - Shot Misses the Net.
8:24 of 2nd period - Shot by Nikolai Kulemin.
8:24 of 2nd period - Stopped by Scott Darling with a rebound.
8:26 of 2nd period - Shot by Fedor Tyutin.
8:26 of 2nd period - Shot Blocked by Dan Hamhuis.
9:04 of 2nd period - Shot by Josh Bailey.
9:04 of 2nd period - Shot Misses the Net.
9:45 of 2nd period - Mike Hoffman is hit by Nicklas Grossmann and loses puck.
9:50 of 2nd period - Shot by Mika Zibanejad.
9:50 of 2nd period - Stopped by Scott Darling with a rebound.
9:52 of 2nd period - Shot by Jeff Skinner.
9:52 of 2nd period - Stopped by Scott Darling with a rebound.
9:58 of 2nd period - Shot by Jeff Skinner.
9:58 of 2nd period - Shot Misses the Net.
10:23 of 2nd period - Icing by Andrew Desjardins.
10:24 of 2nd period - Logan Couture wins face-off versus Cody Eakin in LOS ANGELES zone.
10:35 of 2nd period - Shot by Brandon Saad.
10:35 of 2nd period - Shot Misses the Net.
10:38 of 2nd period - Icing by Dmitry Kulikov.
10:39 of 2nd period - Cody Eakin wins face-off versus Sean Monahan in LOS ANGELES zone.
10:43 of 2nd period - Fedor Tyutin is hit by Johnny Boychuk and loses puck.
10:49 of 2nd period - Off-side.
10:50 of 2nd period - Antoine Vermette wins face-off versus Logan Couture in neutral zone.
11:12 of 2nd period - Shot by Patrick Eaves.
11:12 of 2nd period - Stopped by Antti Raanta without a rebound.
11:13 of 2nd period - Sean Monahan wins face-off versus Mika Zibanejad in LOS ANGELES zone.
11:13 of 2nd period - Sean Monahan is hit by Cam Fowler.
11:30 of 2nd period - Jeff Skinner is hit by Nicklas Grossmann and loses puck.
13:18 of 2nd period - Minor Penalty to Patrick Maroon for Slashing.
13:19 of 2nd period - Mika Zibanejad wins face-off versus Sean Monahan in NEW YORK I zone.
14:09 of 2nd period - Icing by Matthew Tkachuk.
14:10 of 2nd period - Antoine Vermette wins face-off versus Patrick Eaves in LOS ANGELES zone.
14:53 of 2nd period - Johnny Boychuk is hit by Mike Hoffman and loses puck.
14:58 of 2nd period - Shot by Mika Zibanejad.
14:58 of 2nd period - Stopped by Scott Darling with a rebound.
15:00 of 2nd period - Shot by Cam Fowler.
15:00 of 2nd period - Shot Blocked by Johnny Boychuk.
15:02 of 2nd period - Shot by Cam Fowler.
15:02 of 2nd period - Shot Misses the Net.
15:21 of 2nd period - Shot by Cody Eakin.
15:21 of 2nd period - Stopped by Scott Darling with a rebound.
15:23 of 2nd period - Shot by Andrew Desjardins.
15:23 of 2nd period - Shot Misses the Net.
15:25 of 2nd period - Shot by Cody Eakin.
15:25 of 2nd period - Shot Misses the Net.
15:27 of 2nd period - Shot by Simon Despres.
15:27 of 2nd period - Stopped by Scott Darling without a rebound.
15:28 of 2nd period - Logan Couture wins face-off versus Cody Eakin in NEW YORK I zone.
15:33 of 2nd period - Shot by Patrick Eaves.
15:33 of 2nd period - Shot Misses the Net.
15:49 of 2nd period - Patrick Eaves is hit by Michael Raffl.
16:22 of 2nd period - Shot by Sam Bennett.
16:22 of 2nd period - Stopped by Antti Raanta with a rebound.
16:24 of 2nd period - Shot by Dan Hamhuis.
16:24 of 2nd period - Shot Misses the Net.
16:26 of 2nd period - Shot by Ryan Callahan.
16:26 of 2nd period - Shot Misses the Net.
16:31 of 2nd period - Icing by Andrew Desjardins.
16:32 of 2nd period - Sean Monahan wins face-off versus Cody Eakin in LOS ANGELES zone.
16:45 of 2nd period - Shot by Sean Monahan.
16:45 of 2nd period - Stopped by Antti Raanta without a rebound.
16:46 of 2nd period - Mika Zibanejad wins face-off versus Sam Bennett in LOS ANGELES zone.
16:48 of 2nd period - Icing by Jeff Skinner.
16:49 of 2nd period - Mika Zibanejad wins face-off versus Sean Monahan in LOS ANGELES zone.
16:49 of 2nd period - Mika Zibanejad is hit by Ryan Strome.
16:55 of 2nd period - Johnny Boychuk is hit by Mike Hoffman and loses puck.
17:37 of 2nd period - Minor Penalty to Mike Hoffman for Slashing.
17:38 of 2nd period - Sean Monahan wins face-off versus Vernon Fiddler in LOS ANGELES zone.
17:38 of 2nd period - Sean Monahan is hit by Dmitry Kulikov.
17:40 of 2nd period - Shot by Dan Hamhuis.
17:40 of 2nd period - Shot Misses the Net.
17:42 of 2nd period - Shot by Sean Monahan.
17:42 of 2nd period - Shot Misses the Net.
18:27 of 2nd period - Icing by Esa Lindell.
18:28 of 2nd period - Vernon Fiddler wins face-off versus Sean Monahan in NEW YORK I zone.
18:38 of 2nd period - Derek Forbort is hit by Patrick Eaves.
18:45 of 2nd period - Icing by Sean Monahan.
18:46 of 2nd period - Mika Zibanejad wins face-off versus Sean Monahan in NEW YORK I zone.
19:09 of 2nd period - Shot by Radko Gudas.
19:09 of 2nd period - Shot Blocked by Cam Fowler.
19:11 of 2nd period - Shot by Johnny Boychuk.
19:11 of 2nd period - Stopped by Antti Raanta without a rebound.
19:12 of 2nd period - Ryan Strome wins face-off versus Antoine Vermette in LOS ANGELES zone.
Goals for this period are 0 for LOS ANGELES vs 1 for NEW YORK I.
Shots for this period are 13 for LOS ANGELES vs 7 for NEW YORK I.

3rd period


0:01 of 3rd period - Sean Monahan wins face-off versus Antoine Vermette in neutral zone.
0:03 of 3rd period - Johnny Boychuk is hit by Fedor Tyutin and loses puck.
0:04 of 3rd period - Minor Penalty to Dmitry Kulikov for Cross-checking.
0:05 of 3rd period - Sean Monahan wins face-off versus Vernon Fiddler in LOS ANGELES zone.
0:34 of 3rd period - Shot by Johnny Boychuk.
0:34 of 3rd period - Stopped by Antti Raanta with a rebound.
1:21 of 3rd period - Shot by Esa Lindell.
1:21 of 3rd period - Shot Blocked by Simon Despres.
1:23 of 3rd period - Shot by Esa Lindell.
1:23 of 3rd period - Shot Misses the Net.
1:25 of 3rd period - Shot by Dan Hamhuis.
1:25 of 3rd period - Stopped by Antti Raanta without a rebound.
1:26 of 3rd period - Vernon Fiddler wins face-off versus Ryan Strome in LOS ANGELES zone.
1:44 of 3rd period - Shot by Esa Lindell.
1:44 of 3rd period - Stopped by Antti Raanta without a rebound.
1:45 of 3rd period - Antoine Vermette wins face-off versus Sean Monahan in LOS ANGELES zone.
2:12 of 3rd period - Shot by Sam Bennett.
2:12 of 3rd period - Shot Misses the Net.
2:15 of 3rd period - Icing by Fedor Tyutin.
2:16 of 3rd period - Sean Monahan wins face-off versus Cody Eakin in LOS ANGELES zone.
2:26 of 3rd period - Minor Penalty to Michael Raffl for Hooking.
2:27 of 3rd period - Vernon Fiddler wins face-off versus Brandon Saad in LOS ANGELES zone.
2:50 of 3rd period - Shot by Patrick Maroon.
2:50 of 3rd period - Shot Misses the Net.
3:01 of 3rd period - Minor Penalty to Johnny Boychuk for Holding.
3:02 of 3rd period - Sean Monahan wins face-off versus Mika Zibanejad in NEW YORK I zone.
3:17 of 3rd period - Shot by Dan Hamhuis.
3:17 of 3rd period - Shot Misses the Net.
4:35 of 3rd period - Shot by Patrick Eaves.
4:35 of 3rd period - Stopped by Antti Raanta without a rebound.
4:36 of 3rd period - Sean Monahan wins face-off versus Antoine Vermette in LOS ANGELES zone.
4:37 of 3rd period - Shot by Austin Watson.
4:37 of 3rd period - Shot Misses the Net.
4:40 of 3rd period - Icing by Antoine Vermette.
4:41 of 3rd period - Sean Monahan wins face-off versus Antoine Vermette in LOS ANGELES zone.
4:45 of 3rd period - Icing by Vernon Fiddler.
4:46 of 3rd period - Antoine Vermette wins face-off versus Sean Monahan in LOS ANGELES zone.
4:46 of 3rd period - Antoine Vermette is hit by Austin Watson.
5:06 of 3rd period - Shot by Jeff Skinner.
5:06 of 3rd period - Stopped by Scott Darling without a rebound.
5:07 of 3rd period - Logan Couture wins face-off versus Mika Zibanejad in NEW YORK I zone.
5:12 of 3rd period - Shot by Esa Lindell.
5:12 of 3rd period - Shot Misses the Net.
5:34 of 3rd period - Shot by Mike Hoffman.
5:34 of 3rd period - Shot Misses the Net.
5:36 of 3rd period - Shot by Mike Hoffman.
5:36 of 3rd period - Stopped by Scott Darling without a rebound.
5:37 of 3rd period - Patrick Maroon wins face-off versus Antoine Vermette in NEW YORK I zone.
5:44 of 3rd period - Icing by Johnny Boychuk.
5:45 of 3rd period - Sam Bennett wins face-off versus Antoine Vermette in NEW YORK I zone.
5:45 of 3rd period - Minor Penalty to Nikolai Kulemin for Slashing.
5:46 of 3rd period - Vernon Fiddler wins face-off versus Sean Monahan in LOS ANGELES zone.
5:58 of 3rd period - Icing by Logan Couture.
5:59 of 3rd period - Patrick Eaves wins face-off versus Vernon Fiddler in NEW YORK I zone.
8:10 of 3rd period - Shot by Cody Eakin.
8:10 of 3rd period - Shot Blocked by Nicklas Grossmann.
8:13 of 3rd period - Icing by Jason Garrison.
8:14 of 3rd period - Sean Monahan wins face-off versus Matt Stajan in NEW YORK I zone.
8:28 of 3rd period - Icing by Derek Forbort.
8:29 of 3rd period - Logan Couture wins face-off versus Matt Stajan in LOS ANGELES zone.
8:59 of 3rd period - Brandon Saad is hit by John Mitchell and loses puck.
11:57 of 3rd period - Icing by Matthew Tkachuk.
11:58 of 3rd period - Antoine Vermette wins face-off versus Sam Bennett in LOS ANGELES zone.
12:26 of 3rd period - Shot by Patrick Maroon.
12:26 of 3rd period - Stopped by Antti Raanta with a rebound.
12:28 of 3rd period - Shot by Ryan Callahan.
12:28 of 3rd period - Goal by Ryan Callahan - LOS ANGELES : 1 - NEW YORK I : 3.
12:29 of 3rd period - Cody Eakin wins face-off versus Sean Monahan in neutral zone.
13:29 of 3rd period - Shot by Brandon Saad.
13:29 of 3rd period - Deflect By Patrick Eaves.
13:29 of 3rd period - Stopped by Antti Raanta without a rebound.
13:30 of 3rd period - Ryan Callahan wins face-off versus Mika Zibanejad in LOS ANGELES zone.
13:49 of 3rd period - Shot by Mike Hoffman.
13:49 of 3rd period - Shot Blocked by Sam Bennett.
14:12 of 3rd period - Shot by Mike Hoffman.
14:12 of 3rd period - Shot Misses the Net.
15:01 of 3rd period - Minor Penalty to Patrick Eaves for Holding.
15:02 of 3rd period - Antoine Vermette wins face-off versus Austin Watson in NEW YORK I zone.
15:12 of 3rd period - Shot by Matthew Tkachuk.
15:12 of 3rd period - Deflect By Antoine Vermette.
15:12 of 3rd period - Shot Blocked by Dan Hamhuis.
16:07 of 3rd period - Shot by Cam Fowler.
16:07 of 3rd period - Stopped by Scott Darling without a rebound.
16:08 of 3rd period - Antoine Vermette wins face-off versus Kyle Clifford in NEW YORK I zone.
16:28 of 3rd period - Shot by Matthew Tkachuk.
16:28 of 3rd period - Shot Misses the Net.
16:59 of 3rd period - Johnny Boychuk is hit by Mika Zibanejad and loses puck.
17:17 of 3rd period - Brandon Saad is hit by Dalton Prout and loses puck.
17:30 of 3rd period - Shot by Cody Eakin.
17:30 of 3rd period - Shot Misses the Net.
17:55 of 3rd period - Shot by Patrick Maroon.
17:55 of 3rd period - Stopped by Antti Raanta without a rebound.
17:56 of 3rd period - Sean Monahan wins face-off versus Mika Zibanejad in LOS ANGELES zone.
18:06 of 3rd period - Icing by Fedor Tyutin.
18:07 of 3rd period - Ryan Callahan wins face-off versus Mika Zibanejad in LOS ANGELES zone.
18:16 of 3rd period - Shot by Patrick Maroon.
18:16 of 3rd period - Shot Misses the Net.
18:18 of 3rd period - Shot by Ryan Callahan.
18:18 of 3rd period - Goal by Ryan Callahan - LOS ANGELES : 1 - NEW YORK I : 4.
18:19 of 3rd period - Antoine Vermette wins face-off versus Sean Monahan in neutral zone.
18:26 of 3rd period - Shot by Nikolai Kulemin.
18:26 of 3rd period - Stopped by Scott Darling without a rebound.
18:27 of 3rd period - Ryan Strome wins face-off versus Antoine Vermette in NEW YORK I zone.
18:52 of 3rd period - Shot by Johnny Boychuk.
18:52 of 3rd period - Deflect By Sean Monahan.
18:52 of 3rd period - Stopped by Antti Raanta without a rebound.
18:53 of 3rd period - Matt Stajan wins face-off versus Patrick Eaves in LOS ANGELES zone.
18:53 of 3rd period - Matt Stajan is hit by Logan Couture.
19:23 of 3rd period - Shot by Patrick Eaves.
19:23 of 3rd period - Shot Misses the Net.
19:29 of 3rd period - Shot by Brandon Saad.
19:29 of 3rd period - Deflect By Patrick Eaves.
19:29 of 3rd period - Stopped by Antti Raanta without a rebound.
19:30 of 3rd period - Antoine Vermette wins face-off versus Sean Monahan in LOS ANGELES zone.
19:30 of 3rd period - Antoine Vermette is hit by Josh Bailey.
19:33 of 3rd period - Matthew Tkachuk is hit by Ryan Strome and loses puck.
Goals for this period are 0 for LOS ANGELES vs 2 for NEW YORK I.
Shots for this period are 4 for LOS ANGELES vs 11 for NEW YORK I.